General information
- name: BNet
- type: Ladder team game (AT/RT)
- host: Battle.net
- saver: lynchinnaggers
map: Battleground
- players: 8
- length: 36:34
- speed: Fast
- version: 1.27 W3XP
- replay type: Public
» download(203 KB)
Players
team 1 (loser)

»
itsgood (
orange | 56 APM | 1017 actions | 18:00)
5 Far Seer
2 Feral Spirit
3 Chain Lighting
3 Shadow Hunter
2 Healing Wave
1 Hex
» actions
| Assign group hotkey | 37 | |
| Basic commands | 48 | |
| Build / train | 72 | |
| ESC pressed | 3 | |
| Enter build submenu | 13 | |
| Enter hero's abilities submenu | 8 | |
| Give item / drop item | 2 | |
| Right click | 284 | |
| Select / deselect | 291 | |
| Select group hotkey | 191 | |
| Use ability | 68 | |
1017 total
» units
| Peon | 8 | |
| Troll Headhunter/Berserker | 18 | |
| Shaman | 3 | |
| Troll Witch Doctor | 3 | |
| Peasant | 5 | |
37 total
» upgrades
| Troll Regeneration | 1 | |
| Shaman Training | 2 | |
| Witch Doctor Training | 3 | |
| Ranged Weapons | 2 | |
| Armor | 1 | |
| Berserker Upgrade | 1 | |
10 total
» buildings
| Altar of Storms | 1 | |
| Orc Burrow | 5 | |
| Barracks | 1 | |
| War Mill | 1 | |
| Voodoo Lounge | 2 | |
| Stronghold | 1 | |
| Spirit Lodge | 2 | |
| Fortress | 1 | |
14 total
» build order
00:16 Altar of Storms
00:21 Orc Burrow
00:45 Barracks
01:13 War Mill
01:48 Orc Burrow
02:09 Voodoo Lounge
02:52 Orc Burrow
04:12 Stronghold
06:06 Orc Burrow
07:14 Spirit Lodge
07:15 Spirit Lodge
09:53 Orc Burrow
10:13 Fortress
14:20 Voodoo Lounge
» items
| Healing Salve | 4 | |
| Lesser Clarity Potion | 3 | |
| Potion of Healing | 1 | |
| Scroll of Town Portal | 2 | |
10 total
Dragmedown (
yellow | 68 APM | 820 actions | 12:00)
3 Paladin
2 Holy Light
1 Devotion Aura
1 Archmage
1 Brilliance Aura
» actions
| Assign group hotkey | 12 | |
| Basic commands | 5 | |
| Build / train | 49 | |
| ESC pressed | 1 | |
| Enter build submenu | 30 | |
| Enter hero's abilities submenu | 4 | |
| Remove unit from queue | 4 | |
| Right click | 406 | |
| Select / deselect | 182 | |
| Select group hotkey | 96 | |
| Use ability | 31 | |
820 total
» units
» upgrades
| Plating | 2 | |
| Lumber Harvesting | 1 | |
| Flak Cannons | 1 | |
| Long Rifles | 0 | |
| Swords | 1 | |
| Animal War Training | 1 | |
6 total
» buildings
| Farm | 8 | |
| Altar of Kings | 1 | |
| Barracks | 2 | |
| Lumber Mill | 1 | |
| Scout Tower | 6 | |
| Keep | 4 | |
| Guard Tower | 6 | |
| Blacksmith | 1 | |
| Workshop | 1 | |
| Castle | 1 | |
| Town Hall | 1 | |
32 total
» build order
00:20 Farm
00:35 Altar of Kings
00:51 Barracks
00:59 Farm
01:42 Farm
02:06 Lumber Mill
02:38 Scout Tower
02:45 Keep
02:45 Keep
02:45 Keep
03:07 Guard Tower
03:12 Farm
03:49 Scout Tower
03:56 Blacksmith
04:16 Guard Tower
04:23 Farm
05:10 Workshop
05:12 Castle
06:32 Barracks
07:10 Town Hall
07:12 Scout Tower
07:14 Scout Tower
07:49 Guard Tower
07:50 Guard Tower
07:51 Scout Tower
07:52 Scout Tower
08:26 Guard Tower
08:27 Guard Tower
09:49 Farm
10:31 Farm
11:15 Farm
TheExterminator (
blue | 82 APM | 2997 actions | 36:33)
7 Blademaster
3 Wind Walk
3 Critical Strike
1 Bladestorm
» actions
| Assign group hotkey | 92 | |
| Basic commands | 46 | |
| Build / train | 106 | |
| ESC pressed | 5 | |
| Enter build submenu | 45 | |
| Enter hero's abilities submenu | 7 | |
| Give item / drop item | 27 | |
| Right click | 1360 | |
| Select / deselect | 279 | |
| Select group hotkey | 781 | |
| Use ability | 249 | |
2997 total
» units
» upgrades
| Pillage | 1 | |
| Berserker Strength | 1 | |
| Armor | 2 | |
| Reinforced Defenses | 2 | |
| Ranged Weapons | 3 | |
| Envenomed Spears | 1 | |
| Masonry | 1 | |
| Spiked Barricades | 2 | |
13 total
» buildings
| Orc Burrow | 5 | |
| Altar of Storms | 1 | |
| Barracks | 1 | |
| Voodoo Lounge | 1 | |
| Stronghold | 7 | |
| War Mill | 1 | |
| Watch Tower | 30 | |
| Fortress | 9 | |
| Beastiary | 2 | |
| Great Hall | 2 | |
59 total
» build order
00:07 Orc Burrow
00:21 Orc Burrow
01:11 Altar of Storms
01:14 Barracks
01:58 Voodoo Lounge
02:44 Orc Burrow
04:15 Stronghold
05:17 War Mill
06:41 Orc Burrow
06:53 Watch Tower
06:57 Watch Tower
06:58 Watch Tower
06:59 Watch Tower
07:31 Fortress
07:31 Fortress
07:31 Fortress
08:07 Orc Burrow
09:31 Beastiary
10:08 Watch Tower
10:09 Watch Tower
10:49 Beastiary
11:22 Watch Tower
11:23 Watch Tower
11:33 Watch Tower
18:30 Watch Tower
18:31 Watch Tower
18:32 Watch Tower
18:34 Watch Tower
18:40 Watch Tower
18:43 Watch Tower
18:46 Watch Tower
18:52 Watch Tower
18:53 Watch Tower
18:56 Watch Tower
22:29 Great Hall
24:00 Watch Tower
24:02 Watch Tower
25:32 Watch Tower
25:32 Watch Tower
25:33 Watch Tower
26:20 Stronghold
26:20 Stronghold
26:21 Stronghold
26:21 Stronghold
26:22 Watch Tower
26:23 Watch Tower
34:33 Fortress
34:34 Fortress
34:34 Fortress
34:42 Great Hall
35:22 Watch Tower
35:24 Watch Tower
35:25 Watch Tower
35:26 Watch Tower
» items
| Healing Salve | 6 | |
| Lesser Clarity Potion | 9 | |
| Boots of Speed | 1 | |
| Circlet of Nobility | 1 | |
| Orb of Lightning | 1 | |
| Scroll of Town Portal | 1 | |
19 total

»
Th3_Legend (
pink | 53 APM | 958 actions | 18:01)
3 Death Knight
2 Death Coil
1 Unholy Aura
3 Lich
2 Frost Nova
1 Frost Armor
» actions
| Build / train | 42 | |
| Enter build submenu | 18 | |
| Enter hero's abilities submenu | 6 | |
| Remove unit from queue | 1 | |
| Right click | 494 | |
| Select / deselect | 353 | |
| Use ability | 44 | |
958 total
» units
| Acolyte | 2 | |
| Ghoul | 3 | |
| Crypt Fiend | 13 | |
| Necromancer | 6 | |
24 total
» upgrades
| Creature Attack | 1 | |
| Web | 1 | |
| Skeletal Mastery | 1 | |
| Creature Carapace | 1 | |
4 total
» buildings
| Crypt | 1 | |
| Altar of Darkness | 1 | |
| Ziggurat | 7 | |
| Graveyard | 1 | |
| Halls of the Dead | 3 | |
| Nerubian Tower | 1 | |
| Temple of the Damned | 1 | |
| Tomb of Relics | 1 | |
| Black Citadel | 1 | |
| Necropolis | 1 | |
18 total
» build order
00:12 Crypt
00:19 Altar of Darkness
00:37 Ziggurat
01:00 Graveyard
01:28 Ziggurat
02:44 Halls of the Dead
03:24 Ziggurat
05:03 Nerubian Tower
05:09 Temple of the Damned
06:16 Tomb of Relics
07:02 Black Citadel
07:22 Ziggurat
11:27 Necropolis
14:29 Halls of the Dead
14:42 Ziggurat
15:29 Ziggurat
15:33 Ziggurat
team 2 (winner)

»
cmurdaa (
green | 50 APM | 1827 actions | 36:33)
8 Blademaster
3 Critical Strike
3 Wind Walk
1 Bladestorm
1 Mirror Image
» actions
| Assign group hotkey | 37 | |
| Basic commands | 11 | |
| Build / train | 86 | |
| Enter build submenu | 20 | |
| Enter hero's abilities submenu | 8 | |
| Give item / drop item | 2 | |
| Remove unit from queue | 1 | |
| Right click | 588 | |
| Select / deselect | 377 | |
| Select group hotkey | 611 | |
| Use ability | 86 | |
1827 total
» units
| Peon | 8 | |
| Grunt | 5 | |
| Troll Headhunter/Berserker | 6 | |
| Raider | 7 | |
| Shaman | 5 | |
| Kodo Beast | 1 | |
| Demolisher | 10 | |
| Flying Machine | 7 | |
49 total
» upgrades
| Ranged Weapons | 3 | |
| Armor | 1 | |
| Shaman Training | 2 | |
| Ensnare | 1 | |
| War Drums Damage Increase | 1 | |
| Berserker Upgrade | 1 | |
| Burning Oil | 1 | |
| Melee Weapons | 1 | |
| Pillage | 1 | |
| Flak Cannons | 1 | |
| Flying Machine Bombs | 1 | |
14 total
» buildings
| Orc Burrow | 6 | |
| Altar of Storms | 1 | |
| Barracks | 2 | |
| War Mill | 1 | |
| Voodoo Lounge | 1 | |
| Stronghold | 1 | |
| Fortress | 1 | |
| Spirit Lodge | 1 | |
| Beastiary | 1 | |
| Tauren Totem | 1 | |
| Great Hall | 2 | |
| Farm | 3 | |
21 total
» build order
00:27 Orc Burrow
00:43 Altar of Storms
01:21 Barracks
01:50 Orc Burrow
01:59 War Mill
02:05 Barracks
02:44 Voodoo Lounge
03:15 Orc Burrow
05:19 Orc Burrow
06:04 Stronghold
08:29 Fortress
08:32 Spirit Lodge
08:35 Beastiary
09:59 Orc Burrow
12:12 Tauren Totem
13:17 Great Hall
13:21 Orc Burrow
15:43 Great Hall
28:13 Farm
28:14 Farm
28:16 Farm
» items
| Healing Salve | 4 | |
| Orb of Lightning | 1 | |
| Lesser Clarity Potion | 2 | |
| Potion of Healing | 1 | |
8 total

»
Canada.Eh (
purple | 46 APM | 1270 actions | 27:34)
5 Demon Hunter
3 Evasion
2 Mana Burn
4 Keeper of the Grove
2 Entangling Roots
2 Thorns Aura
» actions
| Assign group hotkey | 29 | |
| Basic commands | 139 | |
| Build / train | 69 | |
| ESC pressed | 3 | |
| Enter build submenu | 18 | |
| Enter hero's abilities submenu | 9 | |
| Give item / drop item | 1 | |
| Right click | 221 | |
| Select / deselect | 240 | |
| Select group hotkey | 452 | |
| Use ability | 89 | |
1270 total
» units
| Wisp | 13 | |
| Archer | 5 | |
| Druid of the Talon | 7 | |
| Faerie Dragon | 7 | |
| Dryad | 6 | |
| Chimaera | 4 | |
| Siege Engine | 1 | |
43 total
» upgrades
| Abolish Magic | 1 | |
| Druid of the Talon Training | 2 | |
| Reinforced Hides | 3 | |
| Mark of the Talon | 1 | |
| Strength of the Wild | 3 | |
| Corrosive Breath | 1 | |
| Plating | 1 | |
12 total
» buildings
| Moon Well | 7 | |
| Ancient of War | 1 | |
| Altar of Elders | 1 | |
| Tree of Ages | 1 | |
| Hunter's Hall | 1 | |
| Ancient of Wind | 2 | |
| Ancient of Lore | 1 | |
| Ancient of Wonders | 1 | |
| Tree of Eternity | 1 | |
| Chimaera Roost | 2 | |
| Tree of Life | 1 | |
19 total
» build order
00:23 Moon Well
00:35 Ancient of War
01:18 Altar of Elders
01:31 Moon Well
02:40 Tree of Ages
03:59 Moon Well
04:11 Hunter's Hall
05:12 Ancient of Wind
05:19 Ancient of Wind
05:24 Ancient of Lore
05:31 Ancient of Wonders
05:58 Moon Well
07:09 Tree of Eternity
07:14 Moon Well
15:25 Moon Well
15:34 Chimaera Roost
15:40 Chimaera Roost
15:44 Moon Well
23:33 Tree of Life
» items
lynchinnaggers (
teal | 58 APM | 2104 actions | 36:34)
6 Archmage
3 Summon Water Elemental
2 Brilliance Aura
1 Mass Teleport
» actions
| Assign group hotkey | 94 | |
| Basic commands | 371 | |
| Build / train | 82 | |
| Enter build submenu | 75 | |
| Enter hero's abilities submenu | 6 | |
| Give item / drop item | 2 | |
| Remove unit from queue | 2 | |
| Right click | 613 | |
| Select / deselect | 480 | |
| Select group hotkey | 227 | |
| Use ability | 152 | |
2104 total
» units
| Peasant | 18 | |
| Footman | 4 | |
| Dragonhawk Rider | 1 | |
| Gryphon Rider | 12 | |
35 total
» upgrades
| Lumber Harvesting | 2 | |
| Masonry | 3 | |
| Storm Hammers | 1 | |
| Cloud | 1 | |
| Swords | 3 | |
| Armor | 3 | |
| Animal War Training | 1 | |
14 total
» buildings
| Altar of Kings | 1 | |
| Barracks | 1 | |
| Farm | 12 | |
| Scout Tower | 53 | |
| Arcane Tower | 2 | |
| Keep | 1 | |
| Lumber Mill | 3 | |
| Arcane Vault | 1 | |
| Gryphon Aviary | 6 | |
| Guard Tower | 12 | |
| Castle | 1 | |
| Town Hall | 2 | |
| Blacksmith | 2 | |
97 total
» build order
00:38 Altar of Kings
00:40 Barracks
00:51 Farm
00:55 Farm
01:06 Farm
01:34 Farm
02:01 Scout Tower
02:27 Arcane Tower
03:28 Keep
04:02 Lumber Mill
04:05 Scout Tower
04:08 Arcane Vault
04:58 Arcane Tower
06:34 Gryphon Aviary
06:35 Gryphon Aviary
06:37 Gryphon Aviary
06:38 Gryphon Aviary
07:14 Scout Tower
07:14 Scout Tower
07:15 Scout Tower
07:15 Scout Tower
07:17 Scout Tower
07:17 Scout Tower
07:18 Scout Tower
08:08 Guard Tower
09:44 Castle
09:48 Farm
09:49 Farm
09:57 Farm
10:39 Scout Tower
10:40 Scout Tower
10:40 Scout Tower
10:41 Scout Tower
10:42 Scout Tower
10:43 Scout Tower
10:44 Scout Tower
10:56 Scout Tower
10:58 Scout Tower
10:59 Scout Tower
11:00 Scout Tower
11:17 Guard Tower
11:21 Guard Tower
11:35 Town Hall
12:06 Guard Tower
13:00 Gryphon Aviary
13:02 Gryphon Aviary
15:00 Blacksmith
15:03 Blacksmith
17:55 Lumber Mill
19:40 Scout Tower
19:41 Scout Tower
19:41 Scout Tower
19:42 Scout Tower
19:43 Scout Tower
19:43 Scout Tower
19:46 Scout Tower
19:46 Scout Tower
19:46 Scout Tower
19:47 Scout Tower
19:47 Scout Tower
19:49 Scout Tower
19:50 Scout Tower
19:50 Scout Tower
19:53 Scout Tower
19:53 Scout Tower
19:55 Scout Tower
19:55 Scout Tower
20:16 Scout Tower
20:16 Scout Tower
20:17 Scout Tower
20:18 Scout Tower
20:20 Scout Tower
20:20 Scout Tower
20:22 Scout Tower
20:22 Scout Tower
20:24 Scout Tower
20:24 Scout Tower
20:29 Scout Tower
20:29 Scout Tower
20:30 Scout Tower
20:30 Scout Tower
20:31 Scout Tower
20:40 Guard Tower
20:43 Guard Tower
20:53 Guard Tower
20:59 Guard Tower
20:59 Guard Tower
21:08 Guard Tower
21:16 Guard Tower
21:25 Lumber Mill
21:39 Guard Tower
22:31 Farm
22:32 Farm
22:34 Farm
22:38 Farm
22:41 Farm
23:43 Town Hall
» items
| Scroll of Regeneration | 3 | |
| Mechanical Critter | 2 | |
| Potion of Invisibility | 1 | |
| Staff of Teleportation | 1 | |
7 total

»
apokom (
red | 35 APM | 919 actions | 25:54)
1 Paladin
1 Holy Light
» actions
| Assign group hotkey | 22 | |
| Basic commands | 1 | |
| Build / train | 62 | |
| Enter build submenu | 28 | |
| Enter hero's abilities submenu | 1 | |
| Remove unit from queue | 6 | |
| Right click | 304 | |
| Select / deselect | 237 | |
| Select group hotkey | 149 | |
| Use ability | 109 | |
919 total
» units
| Peasant | 7 | |
| Mortar Team | 15 | |
| Sorceress | 3 | |
25 total
» upgrades
| Lumber Harvesting | 2 | |
| Flare | 1 | |
| Sorceress Training | 2 | |
| Gunpowder | 3 | |
| Magic Sentry | 1 | |
| Masonry | 3 | |
| Armor | 3 | |
| Fragmentation Shards | 1 | |
16 total
» buildings
| Farm | 11 | |
| Altar of Kings | 1 | |
| Keep | 1 | |
| Lumber Mill | 1 | |
| Blacksmith | 1 | |
| Scout Tower | 5 | |
| Arcane Tower | 1 | |
| Guard Tower | 1 | |
| Workshop | 2 | |
| Arcane Sanctum | 1 | |
| Arcane Vault | 2 | |
| Cannon Tower | 1 | |
| Castle | 1 | |
29 total
» build order
00:13 Farm
00:18 Farm
01:31 Altar of Kings
02:28 Keep
02:36 Farm
02:59 Lumber Mill
03:07 Blacksmith
03:20 Farm
03:50 Farm
03:57 Scout Tower
04:01 Scout Tower
04:05 Scout Tower
04:07 Scout Tower
04:08 Scout Tower
04:31 Arcane Tower
05:01 Guard Tower
05:19 Workshop
05:23 Workshop
05:45 Arcane Sanctum
06:21 Arcane Vault
06:27 Farm
07:01 Arcane Vault
07:15 Farm
08:09 Farm
08:41 Farm
10:14 Cannon Tower
11:19 Castle
14:21 Farm
14:57 Farm
» items
| Scroll of Town Portal | 3 | |
| Lesser Clarity Potion | 1 | |
| Staff of Sanctuary | 1 | |
| Scroll of Protection | 1 | |
| Scroll of Healing | 1 | |
| Scroll of Regeneration | 1 | |
8 total
Chat log
(00:06 / Allies) Canada.Eh: hi a
(00:12 / All) Canada.Eh: gl hf
(00:14 / Allies) Canada.Eh: rush?
(00:17 / Allies) Canada.Eh: i can mass all aa
(00:25 / All) itsgood: gl hf
(04:51 / Allies) cmurdaa: call to arms
(04:55 / Allies) cmurdaa: or fight with me
(05:11 / Allies) cmurdaa: give me gold
(06:10 / Allies) cmurdaa: red give me ur gold
(08:05 / Allies) Canada.Eh: getting faries
(09:55 / Allies) cmurdaa: keep on them
(10:07 / Allies) lynchinnaggers: lumbs?
(10:47 / Allies) cmurdaa: then zigs
(10:55 / All) Canada.Eh: lol
(10:57 / All) Canada.Eh: blue.......
(10:58 / All) Canada.Eh: gg
(11:07 / All) TheExterminator: ?
(12:03 / All) Canada.Eh: gg blue
(12:48 / Allies) lynchinnaggers: lumber?
(13:15 / All) lynchinnaggers: lil queer
(13:19 / All) Canada.Eh: nice base blue
(13:49 / Allies) Canada.Eh: 4comgin
(13:54 / All) TheExterminator: thanks
(13:57 / All) TheExterminator: I like my base how it is
(14:23 / All) Canada.Eh: run run run
(14:27 / All) Canada.Eh: now gtfo ur done
(15:08 / Allies) Canada.Eh: where to?
(17:04 / Allies) lynchinnaggers: trapped me purp
(17:10 / Allies) Canada.Eh: sorry
(17:47 / All) Canada.Eh: gg?
(19:00 / All) Canada.Eh: figures blue sticks around
(19:01 / All) Canada.Eh: lol
(19:04 / All) Canada.Eh: mad
(19:45 / Allies) Canada.Eh: man my aa sucks at base killing
(20:01 / Allies) Canada.Eh: none of them went air either
(20:02 / Allies) Canada.Eh: lol
(20:36 / All) Canada.Eh: we have seige blue
(20:39 / All) Canada.Eh: and mass aa
(20:40 / All) TheExterminator: hmm
(20:50 / Allies) lynchinnaggers: lumber plez
(21:53 / Allies) Canada.Eh: lol red
(22:14 / All) Canada.Eh: nice base blue
(22:21 / All) TheExterminator: fuck
(22:23 / All) TheExterminator: alt tab for one sec
(22:26 / All) TheExterminator: and get invisimorted
(22:43 / All) TheExterminator: shiiieeet
(23:02 / All) TheExterminator: good siege
(24:00 / All) Canada.Eh: nice air
(24:04 / All) TheExterminator: thanks
(24:47 / All) Canada.Eh: and done
(25:36 / All) Canada.Eh: ,lol
(25:38 / All) Canada.Eh: so bad
(26:31 / Allies) Canada.Eh: anytime teal
(26:40 / Allies) Canada.Eh: why let him rebuild towers?
(26:54 / Allies) lynchinnaggers: I don't strike deals with Canadians
(27:31 / All) Canada.Eh: free win
(27:32 / All) Canada.Eh: teal tk
(28:06 / All) TheExterminator: my bm is pretty sick
(28:13 / All) TheExterminator: +16 and pendant of energy
(28:18 / All) TheExterminator: just need a better game to make use of it more
(29:24 / All) cmurdaa: i can sit here all day
(29:33 / Allies) cmurdaa: ill just close my window and see you later
(29:34 / All) lynchinnaggers: Won't be all day
(29:37 / All) lynchinnaggers: You gon' lose boy
(29:47 / Allies) cmurdaa: your giong to have to kill ur base to
(29:51 / All) lynchinnaggers: And?
(30:01 / Allies) cmurdaa: waist your time im out
(31:00 / All) lynchinnaggers: take that out
(31:53 / All) lynchinnaggers: use your bm to clear green
(31:58 / All) TheExterminator: k
(32:03 / All) TheExterminator: 690 mana
(32:47 / All) lynchinnaggers: he's really "Afk"
(34:02 / All) TheExterminator: I wish you could queue wind walk
(34:05 / All) TheExterminator: for after you kill a building
(34:05 / All) lynchinnaggers: yeh
(34:10 / All) TheExterminator: queue up buildings, wind walk somewhere else
(34:22 / All) TheExterminator: I think you can do that with all other spells
(34:27 / All) lynchinnaggers: yeah
(34:29 / All) TheExterminator: almost all, ones I've tried like flame strike
(35:17 / All) lynchinnaggers: Any last words, green? Regrets?
(35:42 / All) lynchinnaggers: I'll give you 30 seconds to say your piece